 Dungeon Crawl Stone Soup version 0.29.0-4-gdea44cf6ec (webtiles) character file.

Game seed: 296506269680556459

127 qw the Sneak (level 5, 0/32 HPs)
             Began as a Gargoyle Delver on Sept 10, 2022.
             Was an Initiate of Okawaru.
             Slain by a goblin
             ... wielding a +0 club
             ... led by Robin
              (2 damage)
             ... on level 4 of the Dungeon.
             The game lasted 00:00:36 (2712 turns).

qw the Sneak (Gargoyle Delver)                      Turns: 2712, Time: 00:00:37

Health: 0/32       AC:  7    Str: 17    XL:     5   Next: 11%
Magic:  5/5        EV: 11    Int: 11    God:    Okawaru [......]
Gold:   26         SH:  0    Dex: 11    Spells: 4/4 levels left

rFire   . . .      SeeInvis .   a - +0 hand axe
rCold   . . .      Faith    .   (no shield)
rNeg    + . .      Spirit   .   h - +0 leather armour {Will+}
rPois   inf        Reflect  .   (no helmet)
rElec   +          Harm     .   (no cloak)
rCorr   .          Rampage  .   (no gloves)
Will    +++..                   (no boots)
Stlth   +++.......              (no amulet)
HPRegen 0.10/turn               c - ring "Eviu" {Wiz Will++}
MPRegen 0.09/turn               (no ring)

@: no status effects
A: sickness immunity, AC +4, negative energy resistance 1, electricity
resistance, torment resistance 1, petrification resistance
a: Renounce Religion


You were on level 4 of the Dungeon.
You worshipped Okawaru.
Okawaru was noncommittal.
You visited 2 branches of the dungeon, and saw 3 of its levels.

You collected 26 gold pieces.


Innate Abilities, Weirdness & Mutations

You are immune to sickness and miasma.
Your stone body is resilient. (AC +4)
You are immune to poison.
You resist negative energy. (rN+)
You are resistant to electric shocks. (rElec)
You are resistant to unholy torment.
You are immune to petrification.


   Skills:
 - Level 3.2 Fighting
 + Level 4.6 Axes
 - Level 1.5 Dodging
 - Level 5.4 Stealth


You had 4 spell levels left.
You didn't know any spells.
Your spell library was empty.

Inventory:

Hand Weapons
 a - a +0 hand axe (weapon)
 b - a +0 mace
Armour
 h - a +0 leather armour of willpower (worn)
Jewellery
 c - the ring "Eviu" (left hand) {Wiz Will++}
   (You took it off an orc wizard on level 4 of the Dungeon)

   [ring of wizardry]

   It improves your spell success rate.
   Will:      It greatly increases your willpower.
Wands
 g - a wand of digging (3)
Potions
 f - a potion of haste

Dungeon Overview and Level Annotations

Branches:
Dungeon (5/15)             Temple (1/1) D:4

Altars:
Elyvilon
Fedhas
Gozag
Hepliaklqana
Makhleb
Nemelex Xobeh
Okawaru
Sif Muna
Trog
Uskayaw
Vehumet
Wu Jian
Yredelemnul
The Shining One

Portals:
Sewer: D:5

Annotations:
D:4 Robin


Message History

You slash the hobgoblin!
You kill the hobgoblin!
Okawaru accepts your kill.
A goblin comes into view. It is wielding a +0 dagger.
A goblin comes into view. It is wielding a +0 club.
The goblin shouts!
You hear a shout!
Robin zaps a wand.
The puff of flame hits you.
Things that are here:
a hobgoblin corpse; a hobgoblin corpse The goblin shouts!
You hit Robin.
Robin is lightly wounded.
You hear a shout! x2
A goblin comes into view. It is wielding a +0 club.
Robin hits you with a +0 mace.
You hit Robin.
Robin is lightly wounded.
A goblin comes into view. It is wielding a +0 club.
Robin hits you but does no damage.
You hit Robin.
Robin is heavily wounded.
You hit the goblin.
You kill the goblin!
Okawaru accepts your kill. Robin closely misses you.
You hit Robin but do no damage.
Robin is heavily wounded.
Robin completely misses you.
You hit Robin.
Robin is heavily wounded.
You closely miss the goblin. Robin throws the goblin at you!
The goblin closely misses you.
You hit Robin but do no damage.
Robin is heavily wounded.
You closely miss the goblin. You hit the goblin.
You kill the goblin!
Okawaru accepts your kill.
The goblin no longer looks unusually strong.
The goblin hits you with a +0 club.
You die...

... ### #.# ..# #g# #.#
#.# #.# ##g## #.#
##...## ####.# ##..)g.##
##.##.###...)@)<##
####.............g..#
......%.............'...
####...#.##.........####
##%##.##........##
#.#..##.#.....##
#.#.###.#....... #.#.
#.#.#'###. #... ....#.#


You could see Robin and 3 goblins.

Vanquished Creatures
  A scorpion (D:4)
  An orc wizard (D:4)
  An adder (D:4)
  A worm (D:5)
  A dart slug (D:4)
  3 orcs
  2 endoplasms (D:4)
  4 goblins (D:4)
  5 hobgoblins (D:4)
  3 jackals (D:4)
  2 rats (D:5)
24 creatures vanquished.

Notes
Turn   | Place    | Note
-------+----------+-------------------------------------------
     0 | D:5      | qw the Gargoyle Delver began the quest for the Orb.
     0 | D:5      | Reached XP level 1. HP: 14/14 MP: 1/1
     0 | D:5      | 0 ||| qw: Version: 0.1-a-116-g5d60599
     0 | D:5      | 0 ||| qw: Game counter: 8962
     0 | D:5      | 0 ||| qw: Always use a shield: true
     0 | D:5      | 0 ||| qw: God list: Okawaru
     0 | D:5      | 0 ||| qw: Allow faded altars: false
     0 | D:5      | 0 ||| qw: Do Orc after D:15 true
     0 | D:5      | 0 ||| qw: Do second Lair branch before Depths: true
     0 | D:5      | 0 ||| qw: Lair rune preference: random
     0 | D:5      | 0 ||| qw: Plans: Normal
     0 | D:5      | 0 ||| PLANNING D:1-11
    17 | D:5      | Found a glowing drain.
    61 | D:5      | 61 ||| Stepping ~*~*~tactically~*~*~ (water).
    63 | D:5      | 63 ||| Stepping ~*~*~tactically~*~*~ (water).
    80 | D:5      | 80 ||| Stepping ~*~*~tactically~*~*~ (stealth).
    87 | D:5      | HP: 1/14 [orc/+0 short sword (4)]
    90 | D:5      | Reached XP level 2. HP: 2/19 MP: 2/2
   399 | D:5      | 399 ||| UPGRADING to +0 leather armour of willpower.
   409 | D:5      | 409 ||| DROPPING +0 leather armour.
   410 | D:5      | 410 ||| DROPPING scroll of fog.
   411 | D:5      | 411 ||| DROPPING scroll of magic mapping.
   412 | D:5      | 412 ||| DROPPING scroll of fear.
   428 | D:4      | Noticed a scorpion
   450 | D:4      | HP: 4/19 [scorpion (3)]
   452 | D:4      | Killed a scorpion
   453 | D:4      | Reached skill level 3 in Axes
   453 | D:4      | Reached XP level 3. HP: 2/23 MP: 3/3
   453 | D:4      | Reached XP level 4. HP: 3/28 MP: 4/4
   822 | D:4      | Found a staircase to the Ecumenical Temple.
   829 | D:4      | 829 ||| PLANNING TEMPLE
   829 | D:4      | 829 ||| Stepping ~*~*~tactically~*~*~ (hiding).
   931 | D:4      | 931 ||| Stepping ~*~*~tactically~*~*~ (hiding).
  1033 | D:4      | 1033 ||| Stepping ~*~*~tactically~*~*~ (hiding).
  1135 | D:4      | 1135 ||| Stepping ~*~*~tactically~*~*~ (hiding).
  1237 | D:4      | 1237 ||| Stepping ~*~*~tactically~*~*~ (hiding).
  1339 | D:4      | 1339 ||| Stepping ~*~*~tactically~*~*~ (hiding).
  1441 | D:4      | 1441 ||| Stepping ~*~*~tactically~*~*~ (hiding).
  1543 | D:4      | 1543 ||| Stepping ~*~*~tactically~*~*~ (hiding).
  1645 | D:4      | 1645 ||| Stepping ~*~*~tactically~*~*~ (hiding).
  1747 | D:4      | 1747 ||| Stepping ~*~*~tactically~*~*~ (hiding).
  1849 | D:4      | 1849 ||| Stepping ~*~*~tactically~*~*~ (hiding).
  1951 | D:4      | 1951 ||| Stepping ~*~*~tactically~*~*~ (hiding).
  1975 | Temple   | Entered the Ecumenical Temple
  2134 | Temple   | 2134 ||| PLANNING D:1-11
  2153 | Temple   | Became a worshipper of Warmaster Okawaru
  2200 | D:4      | Identified the ring "Eviu" {Wiz Will++}
  2201 | D:4      | 2201 ||| Stepping ~*~*~tactically~*~*~ (hiding).
  2202 | D:4      | 2202 ||| Stepping ~*~*~tactically~*~*~ (hiding).
  2203 | D:4      | 2203 ||| Stepping ~*~*~tactically~*~*~ (hiding).
  2590 | D:4      | 2590 ||| Stepping ~*~*~tactically~*~*~ (stealth).
  2591 | D:4      | 2591 ||| Stepping ~*~*~tactically~*~*~ (stealth).
  2610 | D:4      | Reached XP level 5. HP: 28/32 MP: 5/5
  2649 | D:4      | 2649 ||| UPGRADING to ring "Eviu" {Wiz Will++}.
  2683 | D:4      | 2683 ||| Stepping ~*~*~tactically~*~*~ (stealth).
  2700 | D:4      | Noticed Robin
  2706 | D:4      | HP: 8/32 [Robin/puff of flame (6)]
  2711 | D:4      | HP: 2/32 [Robin/goblin (3)]
  2712 | D:4      | Slain by a goblin

Levels and vault maps discovered:
D:4:      layout_loops_corners, amcnicky_altar_gilded,
          minmay_temple_entry_antechambers, uniq_robin, uniq_blork_the_orc,
          uniq_grinder
D:5:      layout_gridville, jmf_multi_god_temple, cheibrodos_sewer_entry_drain
Temple:   nicolae_temple_bog_church

Skill      XL: |  1  2  3  4 |
---------------+-------------+-----
Axes           | 2 3 4 |  4.6
Fighting       | |  3.2
Dodging        | |  1.5
Stealth        | |  5.4

Action                   |  1- 3 |  4- 6 || total
-------------------------+-------+-------++-------
Melee: Hand axe          |    28 |    71 ||    99
 Stab: Sleeping          |     1 |       ||     1
Armor: Leather armour    |     4 |    37 ||    41
Dodge: Dodged            |     8 |    33 ||    41

Table legend:
 A = Non-vault XP
 B = Vault XP
 C = Vault XP percentage of total XP
 D = Non-vault monster count
 E = Vault monster count
 F = Vault count percentage of total count
                 A         B        C        D         E       F
            +---------+---------+-------+---------+---------+-------
      Total |     161 |      23 |  12.5 |      13 |      11 |  45.8
            +---------+---------+-------+---------+---------+-------
        D:4 |     158 |      16 |   9.2 |      12 |       8 |  40.0
        D:5 |       3 |       7 |  70.0 |       1 |       3 |  75.0
            +---------+---------+-------+---------+---------+-------
